 Dungeon Crawl Stone Soup version 0.28.0-53-g5a82cb258f (webtiles) character file.

Game seed: 9174970278517693143

90613 VictoriousLee the Earth Mage (level 16, -7/122 HPs)
             Began as a Formicid Earth Elementalist on June 25, 2022.
             Was an Initiate of Gozag.
             Mangled by an alligator (12 damage)
             ... on level 1 of the Swamp on June 27, 2022.
             The game lasted 04:55:45 (40402 turns).

VictoriousLee the Earth Mage (FoEE)                Turns: 40402, Time: 04:55:54

Health: -7/122     AC: 15    Str: 14    XL:     16   Next: 47%
Magic:  16/30      EV:  8    Int: 33    God:    Gozag
Gold:   3817       SH: 11    Dex:  7    Spells: 9/36 levels left

rFire   + . .      SeeInvis +   E - +1 flail (protect)
rCold   + + .      Faith    .   j - +2 buckler {rC+}
rNeg    + + .      Spirit   .   r - +3 leather armour {rF+}
rPois   +          Reflect  +   (helmet unavailable)
rElec   .          Harm     .   g - +2 cloak {rPois}
rCorr   +          Rampage  .   A - +2 pair of gloves
Will    +....                   W - +1 pair of boots
Stlth   ++........              U - amulet of Hapyimue {Reflect Int+5 SH+5}
HPRegen 0.30/turn               k - ring of protection from cold
MPRegen 0.22/turn               K - ring "Tuchiw" {rN++ rCorr Int+6 Dex-4 Stlth+}

@: brilliant, grasped by roots, gold aura, constricted
A: permanent stasis, dig shafts and tunnels, antennae 3, four strong arms
a: Dig, Shaft Self, Renounce Religion, Potion Petition, Call Merchant, Bribe
Branch


You were on level 1 of the Swamp.
You worshipped Gozag.
Gozag was most pleased with you.
You visited 5 branches of the dungeon, and saw 24 of its levels.
You also visited: Sewer, Gauntlet and Ice Cave.

You collected 8112 gold pieces.
You spent 3274 gold pieces at shops.
You paid 1021 gold pieces to Gozag.

Inventory:

Hand Weapons
 a - the +7 rapier of Moeseta {venom, rF++}
   (You took it off a deep elf pyromancer on level 9 of the Dungeon)

   It poisons the flesh of those it strikes.
   rF:        It greatly protects you from fire.
 q - a +2 vorpal battleaxe
 E - a +1 flail of protection (weapon)
 G - the +3 broad axe of Siqisyem {vorpal, rF+ MP+9}
   (You bought it in a shop on level 2 of the Orcish Mines)

   It inflicts extra damage upon your enemies.
   rF:        It protects you from fire.
   MP:        It affects your magic capacity (+9).
 H - a +0 broad axe of venom
 N - a +2 vampiric battleaxe
Missiles
 c - 689 stones
 e - 5 throwing nets
 x - 92 poisoned darts
 O - 5 curare-tipped darts
 Z - 9 javelins
Armour
 d - a +0 troll leather armour
 g - a +2 cloak of poison resistance (worn)
 j - a +2 buckler of cold resistance (worn)
 r - a +3 leather armour of fire resistance (worn)
 t - a +2 robe of willpower
 z - a +0 crystal plate armour of cold resistance
 A - a +2 pair of gloves (worn)
 P - a +2 scale mail of cold resistance
 W - a +1 pair of boots (worn)
 Y - a +2 robe of cold resistance
Magical Staves
 b - a staff of conjuration
Jewellery
 k - a ring of protection from cold (left hand)
 n - a +4 ring of protection
 p - a ring of ice
 y - a ring of flight
 K - the ring "Tuchiw" (right hand) {rN++ rCorr Int+6 Dex-4 Stlth+}
   (You bought it in a shop on level 5 of the Lair of Beasts)

   [ring of intelligence]

   Int:       It affects your intelligence (+6).
   Dex:       It affects your dexterity (-4).
   rN:        It greatly protects you from negative energy.
   rCorr:     It protects you from acid and corrosion.
   Stlth:     It makes you more stealthy.
 Q - an amulet of regeneration
 U - the amulet of Hapyimue (around neck) {Reflect Int+5 SH+5}
   (You bought it in a shop on level 2 of the Orcish Mines)

   [amulet of reflection]

   It reflects blocked missile attacks.
   Int:       It affects your intelligence (+5).
   SH:        It affects your SH (+5).
Wands
 s - a wand of flame (36)
 B - a wand of charming (6)
 C - a wand of mindburst (30)
 F - a wand of polymorph (10)
 S - a wand of acid (2)
 T - a wand of digging (2)
Scrolls
 f - 9 scrolls of identify
 u - 4 scrolls of magic mapping
 v - 2 scrolls of fog
 w - 3 scrolls of enchant armour
 I - 6 scrolls of amnesia
 M - 2 scrolls of enchant weapon
Potions
 h - 10 potions of curing
 m - 3 potions of lignification
 J - 3 potions of mutation
 L - 4 potions of flight
 R - a potion of magic
 V - 3 potions of ambrosia
Miscellaneous
 i - a tin of tremorstones (2/2)
 l - a box of beasts
 X - a lightning rod (4/4)


   Skills:
 - Level 10.2 Fighting
 - Level 12.0 Axes
 - Level 5.0 Armour
 - Level 1.7 Dodging
 - Level 2.4 Stealth
 - Level 5.0 Shields
 + Level 10.5 Spellcasting
 - Level 10.0 Conjurations
 - Level 4.0 Summonings
 - Level 1.1 Transmutations
 - Level 8.0 Fire Magic
 - Level 16.1 Earth Magic
 - Level 9.3 Poison Magic
 - Level 5.1 Evocations


You had 9 spell levels left.
You knew the following spells:

 Your Spells              Type           Power      Damage    Failure   Level
a - Stone Arrow           Conj/Erth      100%       3d13      1%          3
c - Mephitic Cloud        Conj/Pois/Air  74%        N/A       1%          3
d - Animate Armour        Summ/Erth      100%       N/A       1%          4
f - Fireball              Conj/Fire      43%        3d17      2%          5
p - Passwall              Tmut/Erth      70%        N/A       1%          2
r - Olgreb's Toxic Radia  Pois           87%        N/A       1%          4
s - Iron Shot             Conj/Erth      50%        9d10      3%          6

Your spell library contained the following spells:

 Spells                   Type           Power      Damage    Failure   Level
 Sandblast                Erth           100%       2d20      0%          1
 Shock                    Conj/Air       100%       1d9       1%          1
 Poisonous Vapours        Pois/Air       100%       N/A       1%          2
 Static Discharge         Conj/Air       66%        N/A       1%          2
 Spider Form              Tmut/Pois      67%        N/A       1%          3
 Petrify                  Tmut/Erth      84%        N/A       1%          4
 Iskenderun's Battlesphe  Conj           90%        2d14      1%          5
 Inner Flame              Hex/Fire       60%        N/A       2%          3
 Freeze                   Ice            100%       1d11      4%          1
 Hailstorm                Conj/Ice       66%        3d14      5%          4
 Ensorcelled Hibernation  Hex/Ice        52%        N/A       6%          2
 Frozen Ramparts          Ice            52%        1d7       12%         3
 Gell's Gravitas          Tloc           26%        N/A       12%         3
 Lesser Beckoning         Tloc           26%        N/A       12%         3
 Teleport Other           Tloc           26%        N/A       12%         3
 Lightning Bolt           Conj/Air       33%        1d50      14%         5
 Summon Ice Beast         Ice/Summ       45%        N/A       19%         4
 Freezing Cloud           Conj/Ice/Air   28%        6-21      28%         5
 Airstrike                Air            13%        N/A       38%         4
 Anguish                  Hex/Necr       13%        N/A       38%         4
 Cause Fear               Hex            13%        N/A       38%         4
 Summon Mana Viper        Hex/Summ       45%        N/A       45%         5
 Orb of Destruction       Conj           45%        9d12      50%         7
 Blade Hands              Tmut           18%        N/A       58%         5
 Eringya's Noxious Bog    Tmut/Pois      33%        N/A       58%         6
 Conjure Ball Lightning   Conj/Air       33%        3x3d11    63%         6
 Metabolic Englaciation   Hex/Ice        13%        N/A       75%         5
 Dispersal                Tloc           13%        N/A       99%         6
 Monstrous Menagerie      Summ           30%        N/A       100%        7
 Borgnjor's Revivificati  Necr           13%        N/A       100%        8
 Discord                  Hex            13%        N/A       100%        8
 Maxwell's Capacitive Co  Air            13%        ∞         100%        8
 Necromutation            Tmut/Necr      15%        N/A       100%        8
 Death's Door             Necr           13%        N/A       100%        9
 Polar Vortex             Ice            13%        N/A       100%        9
 Swiftness                Air            Unusable   N/A       N/A         3

Dungeon Overview and Level Annotations

Branches:
Dungeon (14/15)            Temple (1/1) D:4            Lair (6/6) D:11
  Swamp (1/4) Lair:4       Spider (0/4) Lair:2        Slime (0/5) Lair:6
    Orc (2/2) D:10            Elf (0/3) Orc:2        Vaults (0/5) D:14
  Sewer (visited)           IceCv (visited)         Gauntlet (visited)

Altars:
Ashenzari
Cheibriados
Dithmenos
Elyvilon
Fedhas
Gozag
Hepliaklqana
Kikubaaqudgha
Makhleb
Nemelex Xobeh
Okawaru
Qazlal
Ru
Sif Muna
Trog
Uskayaw
Vehumet
Wu Jian
Xom
Yredelemnul
Zin
The Shining One
Beogh

Shops:
D:3 !   D:6 *   Orc:2 [=*(   Lair:5 =

Annotations:
D:7 2 runed translucent doors, Valamore's ghost, novice DsFi
Swamp:1 Jorgrun


Innate Abilities, Weirdness & Mutations

You cannot be hasted, slowed, berserked, paralysed or teleported.
You can dig through walls and to a lower floor.
You have a pair of large antennae on your head. (SInv)
Your four strong arms can wield two-handed weapons with a shield.


Message History

The alligator tail-slaps you!
Casting: Stone Arrow (safe; 1% risk of failure)
Confirm with . or Enter, or press ? or * to list all spells.
Aiming: Stone Arrow (safe; 1% risk of failure)
Press: ? - help, Shift-Dir - straight line, f/p - spriggan rider
Aim: a spriggan rider, wielding a +0 spear, wearing a +0 buckler and quivering curare-tipped darts (heavily wounded, 55% to hit)
You feel a surge of power!
The stone arrow hits the alligator!
The alligator is heavily wounded.
The spriggan rider hits you from afar with a +0 spear!
The grasping roots constrict you. The alligator bites you.
The alligator barely misses you.
The roots' grasp on you weakens, but your attempt to escape fails.
The spriggan rider misses you. You block the alligator's attack.
The alligator tail-slaps you but does no damage.
Unknown command.
Casting: Stone Arrow (safe; 1% risk of failure)
Confirm with . or Enter, or press ? or * to list all spells.
Aiming: Stone Arrow (safe; 1% risk of failure)
Press: ? - help, Shift-Dir - straight line, f - Jorgrun, p - spriggan rider
Aim: Jorgrun, wielding a staff of earth and wearing a +2 robe of fire resistance (63% to hit)
You feel a surge of power!
The stone arrow hits the alligator!!
The alligator is severely wounded.
The spriggan rider hits you but does no damage.
The alligator bites you. The alligator tail-slaps you.
The grasping roots constrict you.
* * * LOW HITPOINT WARNING * * *
The alligator closely misses you. The alligator tail-slaps you.
* * * LOW HITPOINT WARNING * * *
Okay, then.
Okay, then.
Really read the scroll of immolation?
As you read the scroll of immolation, it crumbles to dust.
The creatures around you are filled with an inner flame!
The spriggan rider hits you from afar with a +0 spear!
* * * LOW HITPOINT WARNING * * *
The grasping roots constrict you!
* * * LOW HITPOINT WARNING * * *
The alligator bites you!
You die...
Your body crumbles into a pile of gold.

♣♣≈ ♣.... ♣♣..♣ ♣.....
♣....♣♣ ♣♣ ♣♣.≈≈...
♣♣≈≈...♣♣♣♣♣♣♣.♣♣♣≈≈.≈...
♣..≈....≈≈..$.♣.$$≈≈...♣
♣♣.♣.≈..≈♣.≈≈..)♣♣♣.≈....
{≈ ♣.≈≈.≈.≈≈≈≈≈.♣♣.@tgn♣
≈≈ ♣≈≈...$.(≈.♣♣♣♣♣♣♣i.♣♣
≈.. ♣≈..§≈≈$..♣♣ ♣♣.)♣♣
≈≈≈ ≈≈.≈≈♣..♣♣♣ ♣♣$≈♣ .≈
. ≈≈.≈..).♣ ♣♣$♣♣.♣{.!.
.≈≈≈...$♣ ♣...≈≈≈i§.
.♣♣♣♣[≈≈♣♣ ♣♣..§≈§§§≈ ≈♣
♣♣≈..♣ ♣♣.$≈≈≈≈)
.♣♣♣♣"≈..♣♣ .≈.:.§≈


You could see Jorgrun (inner flame), an alligator (inner flame, swift), a
spriggan rider (inner flame) and a bloated husk (inner flame).

Vanquished Creatures
  An orc warlord (Orc:2)
  A bunyip (Swamp:1)
  5 boulder beetles
  An ice dragon (Lair:6)
  2 catoblepae (Lair:6)
  6 hydras
  Harold (D:7)
  3 centaur warriors
  2 death knights
  3 death yaks (Lair:4)
  An orc high priest (Orc:2)
  2 two-headed ogres (D:12)
  2 spriggans (Swamp:1)
  A goliath frog (Swamp:1)
  A bog body (Swamp:1)
  2 lindwurms
  3 wolf spiders
  Pikel (D:6)
  A necromancer (IceCv)
  7 orc knights
  3 ugly things (IceCv)
  4 deep elf pyromancers (D:9)
  4 cyclopes (D:12)
  6 orc sorcerers (Orc:2)
  A manticore (D:12)
  7 elephants
  An ice statue (IceCv)
  12 black mambas
  6 torpor snails
  A gargoyle (D:12)
  2 centaur zombies
  5 kobold demonologists
  11 komodo dragons
  An efreet (D:9)
  A rime drake (Lair:6)
  18 cane toads
  4 freezing wraiths (IceCv)
  An unseen horror (D:11)
  2 anaconda simulacra (IceCv)
  A tengu conjurer (D:9)
  11 ice devils (IceCv)
  An entropy weaver simulacrum (IceCv)
  4 meliai
  A queen bee (Lair:5)
  7 trolls
  A polar bear (Lair:3)
  13 hornets
  6 tyrant leeches
  Grinder (D:5)
  A slime creature (D:12)
  7 blink frogs
  A wraith (D:11)
  Sigmund (D:5)
  3 shadows (D:10)
  4 water elementals (D:12)
  3 basilisks
  16 wyverns
  24 yaks
  A redback (Lair:5)
  9 death yak simulacra
  4 wargs
  2 acid dragons (D:11)
  2 harpy simulacra (IceCv)
  2 swamp worms (Swamp:1)
  2 two-headed ogre zombies (D:10)
  31 water moccasins
  An ice beast (D:8)
  28 orc warriors
  3 black bears
  8 ogres
  A necrophage (D:5)
  14 wolves
  8 centaurs
  2 phantoms
  A lemure (D:6)
  17 kobold brigands
  20 bullfrogs
  10 scorpions
  A wyvern zombie (D:4)
  3 two-headed ogre simulacra (IceCv)
  3 cane toad simulacra (IceCv)
  A water moccasin skeleton (D:6)
  A water moccasin zombie (D:5)
  4 elephant simulacra (IceCv)
  25 killer bees
  2 troll zombies (D:10)
  4 wights (D:9)
  5 howler monkeys
  11 electric eels
  2 hounds
  A bullfrog zombie (D:6)
  18 orc priests
  2 centaur skeletons
  28 orc wizards
  2 iguanas
  Ijyb (D:5)
  6 polar bear simulacra
  2 wolf simulacra
  4 ogre zombies (D:10)
  2 howler monkey zombies
  14 adders
  17 gnolls
  2 naga simulacra (IceCv)
  3 river rats (Sewer)
  4 white imps
  6 worms
  2 dart slugs (D:3)
  46 orcs
  7 endoplasms
  10 giant cockroaches
  6 goblins
  5 hobgoblins
  8 jackals
  2 quokkas
  16 ball pythons
  5 bats
  3 frilled lizards
  6 goblin zombies (D:10)
  A hobgoblin skeleton (D:10)
  3 hobgoblin zombies (D:10)
  53 kobolds
  2 orc skeletons (D:10)
  13 orc zombies (D:10)
  3 rats
773 creatures vanquished.

Vanquished Creatures (collateral kills)
  A bullfrog (D:8)
  A cane toad simulacrum (IceCv)
  3 killer bees (D:8)
  A howler monkey zombie (D:8)
6 creatures vanquished.

Vanquished Creatures (others)
  113 fungi
  124 plants
237 creatures vanquished.

Grand Total: 1016 creatures vanquished

Notes
Turn   | Place    | Note
-------+----------+-------------------------------------------
     0 | D:1      | VictoriousLee the Formicid Earth Elementalist began the
                  | quest for the Orb.
     0 | D:1      | Reached XP level 1. HP: 13/13 MP: 3/3
   456 | D:1      | Reached skill level 4 in Earth Magic
   484 | D:1      | Reached XP level 2. HP: 19/19 MP: 3/5
   958 | D:2      | Found a radiant altar of Vehumet.
   987 | D:2      | Reached XP level 3. HP: 24/24 MP: 6/6
  1120 | D:2      | Learned a level 3 spell: Stone Arrow
  1123 | D:2      | Learned a level 2 spell: Passwall
  1174 | D:2      | Reached skill level 5 in Earth Magic
  1345 | D:2      | Reached skill level 1 in Conjurations
  1438 | D:2      | Identified the +2 ring mail of a Million Nightmares {Harm
                  | rCorr Str+2 Dex-5}
  1597 | D:3      | Reached XP level 4. HP: 30/30 MP: 7/7
  1603 | D:3      | Found a faded altar of an unknown god.
  1706 | D:3      | Found Kann's Distillery.
  1875 | D:3      | Reached skill level 6 in Earth Magic
  1875 | D:3      | Reached XP level 5. HP: 24/35 MP: 3/8
  2031 | D:3      | Reached XP level 6. HP: 41/41 MP: 6/9
  2076 | D:3      | Reached skill level 7 in Earth Magic
  2777 | D:3      | Found a hazy altar of Hepliaklqana.
  2916 | D:4      | Found a staircase to the Ecumenical Temple.
  2964 | D:4      | Found a snail-covered altar of Cheibriados.
  3029 | D:4      | Reached XP level 7. HP: 44/46 MP: 6/10
  3070 | D:4      | Reached skill level 8 in Earth Magic
  3613 | D:4      | Found a glowing drain.
  3620 | Sewer    | Entered a sewer
  3995 | Sewer    | Reached skill level 9 in Earth Magic
  4094 | Sewer    | Reached XP level 8. HP: 39/52 MP: 0/11
  4365 | Sewer    | Reached skill level 10 in Earth Magic
  4829 | Sewer    | Reached skill level 11 in Earth Magic
  5107 | Temple   | Entered the Ecumenical Temple
  5301 | Temple   | Became a worshipper of Gozag Ym Sagoz the Greedy
  5419 | D:3      | Bought a potion of curing for 30 gold pieces
  5419 | D:3      | Bought a potion of might for 40 gold pieces
  5441 | D:5      | Entered Level 5 of the Dungeon
  5570 | D:5      | Noticed Grinder
  5584 | D:5      | Killed Grinder
  5585 | D:5      | Reached skill level 12 in Earth Magic
  5585 | D:5      | Reached XP level 9. HP: 57/57 MP: 3/14
  5875 | D:5      | Noticed Sigmund
  6385 | D:5      | Noticed Ijyb
  6398 | D:5      | Reached skill level 5 in Spellcasting
  6540 | D:5      | Killed Ijyb
  6668 | D:5      | Killed Sigmund
  6946 | D:5      | Reached skill level 1 in Fighting
  8314 | D:6      | Reached XP level 10. HP: 61/73 MP: 8/20
  8447 | D:6      | Noticed Pikel
  8472 | D:6      | Killed Pikel
  8549 | D:6      | Found a radiant altar of Vehumet.
  8651 | D:6      | Found Mipis's Serpentskin Sales.
  8664 | D:6      | Bought a +2 cloak of poison resistance for 203 gold pieces
  8728 | D:6      | Reached skill level 1 in Shields
  9284 | D:7      | Learned a level 4 spell: Animate Armour
  9295 | D:7      | Reached skill level 1 in Summonings
  9565 | D:7      | Found a large runed translucent door.
  9565 | D:7      | Found a large runed translucent door.
  9569 | D:7      | Noticed Valamore's ghost (novice DsFi)
  9579 | D:7      | Noticed Harold
  9588 | D:7      | Killed Harold
 10054 | D:8      | Found a bloodstained altar of Trog.
 10072 | D:8      | Found an iron altar of Okawaru.
 10259 | D:8      | Reached XP level 11. HP: 73/86 MP: 0/21
 10616 | D:8      | Reached skill level 5 in Conjurations
 10623 | D:8      | Learned a level 6 spell: Iron Shot
 11245 | D:9      | Reached skill level 13 in Earth Magic
 11371 | D:9      | Noticed a deep elf pyromancer
 11392 | D:9      | Killed a deep elf pyromancer
 11401 | D:9      | Noticed a boulder beetle
 11427 | D:9      | Noticed a deep elf pyromancer
 11451 | D:9      | Killed a deep elf pyromancer
 11452 | D:9      | Reached skill level 14 in Earth Magic
 11573 | D:9      | Identified the +5 hunting sling "Tyotak" {freeze, Stlth+}
 11753 | D:9      | Noticed a centaur warrior
 11762 | D:9      | Killed a centaur warrior
 11763 | D:9      | Reached skill level 15 in Earth Magic
 11971 | D:9      | Found an ornate altar of the Wu Jian Council.
 12119 | D:9      | Identified the +7 rapier of Moeseta {venom, rF++}
 12119 | D:9      | Noticed a deep elf pyromancer
 12139 | D:9      | Killed a deep elf pyromancer
 12140 | D:9      | Reached XP level 12. HP: 91/92 MP: 15/22
 12782 | D:6      | Bought the Compendium of Poison for 418 gold pieces
 12787 | D:6      | Learned a level 3 spell: Mephitic Cloud
 12788 | D:6      | Bought a +0 broad axe of venom for 74 gold pieces
 12926 | D:9      | Reached skill level 1 in Poison Magic
 13260 | D:10     | Entered Level 10 of the Dungeon
 13350 | D:10     | Found a staircase to the Orcish Mines.
 13921 | D:10     | Reached skill level 5 in Poison Magic
 15210 | D:11     | Noticed a death knight
 15214 | D:11     | Found a staircase to the Lair.
 15228 | D:11     | Killed a death knight
 15826 | D:11     | Identified the +9 dagger of Anxiety {protect, *Corrode rF+
                  | MP+9 Dex+3}
 16020 | D:11     | Learned a level 4 spell: Olgreb's Toxic Radiance
 16022 | Lair:1   | Entered Level 1 of the Lair of Beasts
 16076 | Lair:1   | Noticed a six-headed hydra
 16082 | Lair:1   | Killed a six-headed hydra
 16083 | Lair:1   | Reached skill level 1 in Axes
 17085 | Lair:2   | Found a hole to the Spider Nest.
 17089 | Lair:2   | Noticed a boulder beetle
 17173 | Lair:2   | Found a gate leading to a gauntlet.
 17200 | Gauntlet | Entered a Gauntlet
 17200 | Gauntlet | Found a transporter.
 17200 | Gauntlet | Found a transporter.
 17203 | Gauntlet | Found a transporter.
 17203 | Gauntlet | Found a transporter.
 17206 | Gauntlet | Found a transporter.
 17225 | Gauntlet | Found a transporter.
 17227 | Gauntlet | Found a transporter.
 17271 | Gauntlet | Found a transporter.
 17271 | Gauntlet | Found a transporter.
 17274 | Gauntlet | Found a transporter.
 17282 | Gauntlet | Noticed a hell beast
 17289 | Gauntlet | Found a transporter.
 17294 | Gauntlet | Found a runed translucent door.
 17301 | Gauntlet | Found a transporter.
 17301 | Gauntlet | Noticed a balrug
 17310 | Gauntlet | Found a runed translucent gate.
 17311 | Gauntlet | Found a transporter.
 17311 | Gauntlet | Found a runed translucent gate.
 17312 | Gauntlet | Found a runed translucent gate.
 17313 | Gauntlet | Noticed a quicksilver ooze
 17325 | Gauntlet | Found a transporter.
 17644 | Lair:2   | Reached XP level 13. HP: 98/98 MP: 23/23
 17686 | Lair:2   | Killed a boulder beetle
 18074 | Lair:2   | Noticed a seven-headed hydra
 18080 | Lair:2   | Killed a seven-headed hydra
 19684 | Lair:3   | Noticed a five-headed hydra
 19690 | Lair:3   | Killed a five-headed hydra
 19691 | Lair:3   | Reached skill level 10 in Conjurations
 20404 | Lair:4   | Found a frozen archway.
 20697 | IceCv    | Entered an ice cave
 21169 | IceCv    | Reached skill level 1 in Evocations
 22174 | IceCv    | Got Xaon's Volume of the Frostbite
 22254 | IceCv    | Found an ancient bone altar of Kikubaaqudgha.
 22923 | IceCv    | Reached XP level 14. HP: 105/105 MP: 4/27
 23268 | IceCv    | Reached skill level 10 in Spellcasting
 23268 | IceCv    | Reached skill level 5 in Evocations
 23927 | Lair:4   | Found a staircase to the Swamp.
 24801 | Lair:4   | Found an ancient bone altar of Kikubaaqudgha.
 24809 | Lair:4   | Reached skill level 5 in Axes
 27317 | Lair:6   | Entered Level 6 of the Lair of Beasts
 27727 | Lair:5   | Bought the ring "Tuchiw" {rN++ rCorr Int+6 Dex-4 Stlth+}
                  | for 1064 gold pieces
 27741 | Lair:5   | Bought an amulet of regeneration for 420 gold pieces
 27956 | Lair:6   | Reached skill level 16 in Earth Magic
 28139 | Lair:6   | Reached skill level 5 in Shields
 28151 | Lair:6   | Reached skill level 1 in Armour
 28879 | Lair:6   | Found a staircase to the Slime Pits.
 29069 | Lair:6   | Reached skill level 5 in Armour
 29403 | Lair:6   | Reached XP level 15. HP: 113/113 MP: 22/29
 29556 | Lair:5   | Learned a level 5 spell: Fireball
 29565 | Lair:6   | Reached skill level 1 in Fire Magic
 30027 | Lair:6   | Reached skill level 10 in Fighting
 30759 | Lair:6   | Reached skill level 5 in Fire Magic
 31519 | Lair:6   | Found a runed translucent door.
 32398 | Orc:1    | Entered Level 1 of the Orcish Mines
 33695 | Orc:2    | Entered Level 2 of the Orcish Mines
 34618 | Orc:2    | Found a staircase to the Elven Halls.
 35136 | Orc:2    | Noticed an orc warlord
 35524 | Orc:2    | Reached skill level 10 in Axes
 35549 | Orc:2    | Killed an orc warlord
 35550 | Orc:2    | Reached XP level 16. HP: 77/122 MP: 4/30
 35815 | Orc:2    | Found Busa's General Store.
 35822 | Orc:2    | Found Diadid's Antique Armour Boutique.
 35824 | Orc:2    | Found Etiset's Jewellery Boutique.
 35917 | Orc:2    | Found Lymyd's Antique Weapon Boutique.
 35940 | Orc:2    | Bought the amulet of Hapyimue {Reflect Int+5 SH+5} for 522
                  | gold pieces
 36032 | Orc:2    | Bought a transparent flail for 161 gold pieces
 36032 | Orc:2    | Identified the +1 flail of Majestic Reinforcement {vorpal,
                  | Drain rElec rC+++ Int+2} (You bought it in a shop on level
                  | 2 of the Orcish Mines)
 36032 | Orc:2    | Bought a warped morningstar for 171 gold pieces
 36032 | Orc:2    | Identified the +0 morningstar of Chaos {flame, rF+} (You
                  | bought it in a shop on level 2 of the Orcish Mines)
 37740 | D:12     | Found an iron altar of Okawaru.
 39541 | D:12     | You fall into a shaft and drop 2 floors!
 39541 | D:14     | Found a gate to the Vaults.
 39836 | Orc:2    | Bought an ichor-stained broad axe for 171 gold pieces
 39836 | Orc:2    | Identified the +3 broad axe of Siqisyem {vorpal, rF+ MP+9}
                  | (You bought it in a shop on level 2 of the Orcish Mines)
 40025 | Swamp:1  | Entered Level 1 of the Swamp
 40025 | Swamp:1  | Found a sparkling altar of Nemelex Xobeh.
 40383 | Swamp:1  | Noticed Jorgrun
 40402 | Swamp:1  | HP: 5/122 [constriction (7)]
 40402 | Swamp:1  | Mangled by an alligator

Illustrated notes

Levels and vault maps discovered:
D:1:      ncdulo_halloftheorcs, layout_basic
D:2:      layout_rooms, basic_altar, patterned_corridor
D:3:      layout_loops_ring, worldfamousw_hep_ancestral_shrine,
          nicolae_ecumenical_snake_handling, serial_shops, shop
D:4:      layout_rooms, cheibriados_altar_1, minmay_temple_entry_gardened_gates,
          portal_sewer_entry_e
D:5:      minmay_goblin_kobold_castle, layout_layer_cave, kennysheep_crisscross,
          chequers_serial_rivers_large_a, uniq_ijyb, uniq_sigmund, uniq_grinder
D:6:      layout_rooms, mainiacjoe_overflow_six_doors_small,
          guppyfry_shop_venom, uniq_pikel
D:7:      layout_cave_pools, ebering_ghost_disaster_area, serial_rivers,
          chequers_serial_rivers_small_b, chequers_serial_rivers_room_a,
          chequers_serial_rivers_micro_e, chequers_serial_rivers_small_3,
          chequers_serial_rivers_micro_d, chequers_serial_rivers_micro_d,
          uniq_harold
D:8:      layout_rooms, grunt_temple_overflow_bloody_war, minmay_bent
D:9:      minmay_the_grid_net [minmay_the_grid_tri_star,
          minmay_the_grid_stretched_grid, minmay_the_grid_empty,
          minmay_the_grid_embedded, minmay_the_grid_tiny_cups,
          minmay_the_grid_prize_trominoes], layout_loops_ring,
          amcnicky_altar_gilded, enter_bailey_6
D:10:     layout_roguey, zombieorc2_lemuel
D:11:     layout_irregular_city, due_lair_maze_entry_diamond, serial_glass,
          glass_columns_b, glass_columns_a, item_on_display_a,
          minmay_strange_pillars, st_stairs_7
D:12:     minmay_open_boxes_in_corner, layout_basic, okawaru_metal_pillars_1_2
D:13:     layout_cave_pools, zin_purify
D:14:     layout_loops_cross, david_vaults_2, nicolae_sif_muna_condensation
Temple:   eino_temple_scatter_basement
Lair:1:   layout_cave_pods, grunt_megastairs_4, infiniplex_staircase_pool
Lair:2:   layout_gridlike, nicolae_spider_entry_non_spiders,
          gauntlet_entry_generic, serial_bayou_shore_a, serial_bayou_shore_b,
          serial_bayou_shore_b, grunt_megastairs_2
Lair:3:   layout_regular_city
Lair:4:   layout_roguey, minmay_swamp_entry_eels,
          portal_ice_cave_entry_ice_simulacra, basic_altar,
          nicolae_lair_lil_pond
Lair:5:   layout_hall_layers, special_room [special_room_bee],
          serial_bayou_pond_c, grunt_megastairs_3
Lair:6:   hangedman_lair_tendril_chambers, layout_long_grid, wormcave,
          dpeg_slime_entry_corner, infiniplex_staircase_pool_2
Swamp:1:  layout_falls_marsh, basic_altar, uniq_josephine, uniq_jorgrun
Orc:1:    nicolae_orc_accident_1, layout_caves
Orc:2:    grunt_orc_cross, layout_caves

Skill      XL: |  1  2  3  4  5  6  7  8  9 10 11 12 13 14 15 16 |
---------------+-------------------------------------------------+-----
Earth Magic    | 4 5 6 7 9 12 15 16 | 16.1
Conjurations   | 1 2 3 4 5 8 10 | 10.0
Spellcasting   | 3 7 9 10 | 10.5
Fighting       | 4 8 9 10 | 10.2
Shields        | 4 5 |  5.0
Summonings     | 4 |  4.0
Poison Magic   | 8 9 |  9.3
Axes           | 3 7 10 12 | 12.0
Evocations     | 4 5 |  5.1
Armour         | 5 |  5.0
Fire Magic     | 8 |  8.0
Dodging        | |  1.7
Stealth        | |  2.4
Transmutations | |  1.1

Action                   |  1- 3 |  4- 6 |  7- 9 | 10-12 | 13-15 | 16-18 || total
-------------------------+-------+-------+-------+-------+-------+-------++-------
Melee: Club              |    61 |       |       |       |       |       ||    61
       Staff             |    31 |   149 |   132 |     2 |     5 |       ||   319
       Punch             |       |     6 |     3 |       |       |       ||     9
       Whip              |       |       |       |    79 |       |       ||    79
       Scimitar          |       |       |       |    70 |    69 |       ||   139
       Rapier            |       |       |       |   304 |   475 |    37 ||   816
       Flail             |       |       |       |       |       |    13 ||    13
 Cast: Sandblast         |    13 |    30 |    74 |    20 |       |       ||   137
       Stone Arrow       |       |     6 |    87 |   161 |   142 |    26 ||   422
       Animate Armour    |       |       |       |    12 |     1 |       ||    13
       Mephitic Cloud    |       |       |       |     8 |     8 |     2 ||    18
       Olgreb's Toxic Ra |       |       |       |     1 |    33 |     3 ||    37
       Iron Shot         |       |       |       |       |   249 |    60 ||   309
       Fireball          |       |       |       |       |       |     1 ||     1
Invok: Potion Petition   |       |       |       |       |     1 |     1 ||     2
       Call Merchant     |       |       |       |       |     1 |       ||     1
 Abil: Dig               |       |       |     1 |     1 |    10 |       ||    12
Evoke: Wand              |       |       |     4 |     3 |    19 |       ||    26
  Use: Scroll            |       |       |     4 |    22 |     2 |     3 ||    31
       Potion            |       |       |       |     8 |    15 |     2 ||    25
 Stab: Sleeping          |     4 |     2 |       |     1 |       |       ||     7
       Distracted        |       |       |     1 |     1 |     1 |     1 ||     4
       Confused          |       |       |       |     2 |     3 |       ||     5
Armor: Troll leather arm |    34 |    60 |    49 |   100 |    51 |       ||   294
       Leather armour    |       |       |       |   130 |   315 |    36 ||   481
       Skin              |       |       |       |       |    12 |       ||    12
Dodge: Dodged            |    67 |   112 |   114 |   262 |   415 |    28 ||   998
Block: Buckler           |       |       |       |    92 |   236 |    44 ||   372
       Reflection        |       |       |       |       |       |    15 ||    15
